[Event "Titled Tuesday Blitz March 29 Early 2022"]
[White "Lehtosaari, Mauri"]
[Black "Fajdetic, Hrvoje"]
[WhiteFideId "501999"]
[BlackFideId "14501945"]
[WhiteElo "2467"]
[BlackElo "2172"]
[Result "1-0"]
[Round "11"]
[TimeControl "180+1"]
[Date "2022.03.30"]
[WhiteClock "0:01:42"]
[BlackClock "0:01:10"]

1. d4 e6 2. Nf3 f5 3. Bf4 Nf6 4. e3 b6 5. Be2 Bb7 6. c4 d6 7. Nc3 Be7 8. h3 O-O 9. O-O Qe8 10. Bh2 Nbd7 11. b4 Ne4 12. Nxe4 Bxe4 13. c5 Qg6 14. Rc1 e5 15. c6 Bxf3 16. Bxf3 e4 17. cxd7 exf3 18. Qxf3 c5 19. dxc5 bxc5 20. bxc5 dxc5 21. Rfd1 Qb6 22. Qd5+ Kh8 23. Bd6 Bxd6 24. Qxd6 Rad8 25. Rxc5 1-0


[Site "https://www.chess.com"]

[Event "Titled Tuesday Blitz March 29 Early 2022"]
[White "Maghsoodloo, Parham"]
[Black "Gareyev, Timur"]
[WhiteFideId "12539929"]
[BlackFideId "14200937"]
[WhiteElo "2630"]
[BlackElo "2582"]
[Result "1-0"]
[Round "11"]
[TimeControl "180+1"]
[Date "2022.03.29"]
[WhiteClock "0:00:13"]
[BlackClock "0:00:02"]

1. d4 d5 2. Nf3 Nf6 3. c4 c5 4. cxd5 cxd4 5. Qxd4 Qxd5 6. Nc3 Qa5 7. Qe5 Qxe5 8. Nxe5 a6 9. g3 Nbd7 10. Nc4 b5 11. Bg2 Ra7 12. Na5 Rc7 13. Bc6 e5 14. a4 Bb4 15. axb5 axb5 16. Bxb5 Rxc3 17. Bd2 Bxa5 18. bxc3 Bb6 19. f3 Ke7 20. e4 Nc5 21. Ke2 Bd7 22. Rhb1 Bxb5+ 23. Rxb5 Nfd7 24. Rab1 Bc7 25. Be3 Bd6 26. Ra5 Rc8 27. Ra7 Rc7 28. Rba1 Ne6 29. Rxc7 Bxc7 30. Ra7 Bd6 31. Kd3 Bc5 32. Bxc5+ Nxc5+ 33. Kc4 Kd6 34. Kb5 Nb3 35. Ra3 Nbc5 36. h4 h5 37. Ra1 g6 38. Rd1+ Ke6 39. Kc6 f5 40. Rd6+ Ke7 41. Rxg6 fxe4 42. fxe4 Nxe4 43. Rg7+ Ke6 44. Rxd7 Nxc3 45. Rg7 Ne4 46. g4 hxg4 47. h5 Kf5 48. h6 Nf6 49. Kc5 e4 50. Kd4 g3 51. Rxg3 e3 52. Kxe3 Nd5+ 53. Kf3 1-0


[Site "https://www.chess.com"]

[Event "Titled Tuesday Blitz March 29 Early 2022"]
[White "Manukyan, Sargis A."]
[Black "Kamsky, Gata"]
[WhiteFideId "13303970"]
[BlackFideId "2000024"]
[WhiteElo "2187"]
[BlackElo "2645"]
[Result "0-1"]
[Round "11"]
[TimeControl "180+1"]
[Date "2022.03.29"]
[WhiteClock "0:01:30"]
[BlackClock "0:01:17"]

1. d4 f5 2. c4 Nf6 3. Nc3 d6 4. Nf3 g6 5. g3 Bg7 6. Bg2 O-O 7. O-O c6 8. b3 a5 9. Ba3 Na6 10. Re1 Rb8 11. e4 fxe4 12. Nxe4 Nxe4 13. Rxe4 Bf5 14. Re1 b5 15. Ng5 e5 16. h4 h6 17. cxb5 hxg5 18. bxa6 gxh4 19. Bxc6 hxg3 20. fxg3 Be6 21. dxe5 Qb6+ 22. Kh2 Rf2+ 23. Bg2 Qc6 24. Rg1 Kf7 25. Qf1 Rh8# 0-1


[Site "https://www.chess.com"]

[Event "Titled Tuesday Blitz March 29 Early 2022"]
[White "Martin Carmona, Gaston Manuel"]
[Black "Obolentseva, Alexandra"]
[WhiteFideId "22284567"]
[BlackFideId "24153648"]
[WhiteElo "2501"]
[BlackElo "2560"]
[Result "1-0"]
[Round "11"]
[TimeControl "180+1"]
[Date "2022.03.30"]
[WhiteClock "0:00:11"]
[BlackClock "0:00:04"]

1. c4 Nf6 2. g3 g6 3. Bg2 Bg7 4. Nc3 O-O 5. e4 d6 6. Nge2 c5 7. d3 Nc6 8. O-O Rb8 9. h3 a6 10. a4 Qc7 11. Bg5 h6 12. Bxf6 exf6 13. Nd5 Qd8 14. d4 cxd4 15. Nxd4 Nxd4 16. Qxd4 f5 17. Qd2 fxe4 18. Bxe4 Bxh3 19. Bg2 Bxg2 20. Kxg2 b5 21. axb5 axb5 22. cxb5 Rxb5 23. Ra2 Qb8 24. b4 Qb7 25. Rd1 Re8 26. Kg1 Re5 27. Nf4 Rxb4 28. Qxd6 Re8 29. Qd5 Qxd5 30. Rxd5 Rb1+ 31. Kg2 Rb2 32. Rxb2 Bxb2 33. Rd7 Be5 34. Nd5 Kg7 35. f4 Bf6 36. Kf3 Ra8 37. Rb7 Ra3+ 38. Kg2 Ra2+ 39. Kh3 Ra5 40. Ne3 Ra3 41. Nd5 Bd4 42. Kg2 Ra2+ 43. Kf3 h5 44. Rd7 Ba1 45. Nb6 Ra3+ 46. Kg2 h4 47. gxh4 Bf6 48. Nc4 Ra2+ 49. Kg3 Rc2 50. Nd6 Rc3+ 51. Kg4 Bd4 52. Nxf7 Kf6 53. Ng5 1-0


[Site "https://www.chess.com"]

[Event "Titled Tuesday Blitz March 29 Early 2022"]
[White "Martin, Lewis"]
[Black "Ardila, Oscar Humberto"]
[WhiteFideId "410551"]
[BlackFideId "4404742"]
[WhiteElo "2145"]
[BlackElo "1966"]
[Result "0-1"]
[Round "11"]
[TimeControl "180+1"]
[Date "2022.03.30"]
[WhiteClock "0:01:41"]
[BlackClock "0:02:21"]

1. e4 e5 2. Nf3 Nf6 3. Nc3 Nc6 4. Bb5 Bb4 5. O-O O-O 6. Re1 d6 7. a3 Ba5 8. b4 Bb6 9. h3 Nd4 10. Nxd4 Bxd4 11. Bb2 c6 12. Bc4 a5 13. Na4 axb4 14. axb4 b5 15. Bxd4 exd4 16. Nb2 Rxa1 17. Qxa1 bxc4 18. Nxc4 Be6 19. Na5 Qb6 20. c3 Rb8 21. Qa4 dxc3 22. Nxc6 Bd7 0-1


[Site "https://www.chess.com"]

[Event "Titled Tuesday Blitz March 29 Early 2022"]
[White "Maung, Maung Kyaw Zaw Hein"]
[Black "Tan, Jun Ying"]
[WhiteFideId "13001698"]
[BlackFideId "5710413"]
[WhiteElo "2466"]
[BlackElo "2547"]
[Result "0-1"]
[Round "11"]
[TimeControl "180+1"]
[Date "2022.03.30"]
[WhiteClock "0:00:13"]
[BlackClock "0:00:45"]

1. Nf3 Nf6 2. c4 c6 3. Nc3 d5 4. d4 e6 5. e3 Nbd7 6. Qc2 Bd6 7. b3 O-O 8. Be2 e5 9. dxe5 Nxe5 10. cxd5 cxd5 11. O-O Bg4 12. Bb2 Nxf3+ 13. gxf3 Bh3 14. Rfd1 Qc7 15. f4 d4 16. Rxd4 Qc6 17. Bf1 Bxf1 18. Kxf1 Bc5 19. Rd3 Qf3 20. Ne2 Ng4 21. Ng1 Nxh2+ 22. Ke1 Bb4+ 23. Bc3 Qg2 24. Ne2 Qf1+ 25. Kd2 Nf3# 0-1


[Site "https://www.chess.com"]

[Event "Titled Tuesday Blitz March 29 Early 2022"]
[White "Melikhov, Evgeny V."]
[Black "Chernomordik, Pavel"]
[WhiteFideId "4122046"]
[BlackFideId "2804530"]
[WhiteElo "1945"]
[BlackElo "2249"]
[Result "1/2-1/2"]
[Round "11"]
[TimeControl "180+1"]
[Date "2022.03.30"]
[WhiteClock "0:01:19"]
[BlackClock "0:01:22"]

1. d4 g6 2. c4 Bg7 3. Nc3 d6 4. e4 c6 5. f3 a6 6. Be3 b5 7. Bd3 Nd7 8. Nge2 bxc4 9. Bxc4 Nb6 10. Bb3 a5 11. O-O Ba6 12. Rc1 Nf6 13. Na4 Bb5 14. Nxb6 Qxb6 15. Bxf7+ Kxf7 16. Qb3+ e6 17. a4 Rhc8 18. axb5 Qxb5 19. Qxb5 cxb5 20. Rxc8 Rxc8 21. Nc3 b4 22. Na4 Nd7 23. f4 d5 24. e5 Bf8 25. Rc1 1/2-1/2


[Site "https://www.chess.com"]

[Event "Titled Tuesday Blitz March 29 Early 2022"]
[White "Mikhnenko, Alexander"]
[Black "Hernandez Jimenez, Alexander Andres"]
[WhiteFideId "34143014"]
[BlackFideId "3900452"]
[WhiteElo "2184"]
[BlackElo "2082"]
[Result "0-1"]
[Round "11"]
[TimeControl "180+1"]
[Date "2022.03.30"]
[WhiteClock "0:01:23"]
[BlackClock "0:00:31"]

1. e4 c5 2. Nf3 d6 3. d4 cxd4 4. Nxd4 Nf6 5. Nc3 a6 6. h3 e5 7. Nde2 h5 8. Bg5 Be7 9. g3 Be6 10. Bg2 Nbd7 11. O-O Rc8 12. f4 exf4 13. gxf4 Nh7 14. Bxe7 Qxe7 15. Kh1 Nhf6 16. Nd4 b5 17. Re1 b4 18. Nd5 Qd8 19. e5 dxe5 20. fxe5 Nxd5 21. Nxe6 fxe6 22. Bxd5 exd5 23. Qxd5 Qc7 24. Qe6+ Kd8 25. Rad1 Qc6+ 26. Qxc6 Rxc6 27. e6 Rc7 28. exd7 Rxd7 29. Rxd7+ Kxd7 30. Rg1 Rg8 31. Rg6 a5 32. b3 Ke7 33. Rg5 g6 34. Rxa5 Rc8 35. Re5+ Kf6 36. Re2 Kf5 37. Kg2 g5 38. a4 bxa3 39. c4 Ra8 40. Ra2 Ke4 41. c5 Kd5 42. b4 Kc4 43. c6 Kxb4 44. c7 Kb3 45. Rd2 Rc8 46. Rd3+ Kb2 47. Rd2+ Kb1 48. Rd1+ Kc2 49. Ra1 Kb2 0-1


[Site "https://www.chess.com"]

[Event "Titled Tuesday Blitz March 29 Early 2022"]
[White "Mkrtchyan, Mariam"]
[Black "Avalos Parra, Joao"]
[WhiteFideId "13310828"]
[BlackFideId "3402541"]
[WhiteElo "1984"]
[BlackElo "2173"]
[Result "0-1"]
[Round "11"]
[TimeControl "180+1"]
[Date "2022.03.30"]
[WhiteClock "0:00:04"]
[BlackClock "0:00:20"]

1. Nf3 Nf6 2. g3 g6 3. Bg2 Bg7 4. O-O O-O 5. c4 d6 6. d4 Nc6 7. Nc3 e5 8. d5 Nb8 9. e4 a5 10. Ne1 Na6 11. Nd3 Nb4 12. a3 Nxd3 13. Qxd3 Nd7 14. Be3 f5 15. f4 exf4 16. Bxf4 Nc5 17. Qc2 fxe4 18. Nxe4 Bf5 19. Rae1 Qe7 20. b4 axb4 21. axb4 Nxe4 22. Bxe4 Ra1 23. Rxa1 Bxe4 24. Qd2 Bxa1 25. Rxa1 Qf6 26. Re1 Qf5 27. Qe3 Bd3 28. Qe6+ Qxe6 29. dxe6 Bxc4 30. e7 Re8 31. Rc1 b5 32. Bg5 h6 33. Bxh6 Rxe7 34. h4 Re2 35. Ra1 Bd5 36. Bf4 Rg2+ 37. Kf1 Rb2 38. Ra7 Rc2 39. Bg5 Kf7 40. Bd8 Ke6 41. Rxc7 Bc4+ 42. Kg1 Kf5 43. Bg5 Kg4 44. Bf4 Kh3 45. Rg7 Rg2+ 46. Kh1 Bd5 47. Rxg6 Rxg3# 0-1


[Site "https://www.chess.com"]

[Event "Titled Tuesday Blitz March 29 Early 2022"]
[White "Mogirzan, Matei-Valeriu"]
[Black "Ljukin, Sergei"]
[WhiteFideId "1257455"]
[BlackFideId "14102200"]
[WhiteElo "2277"]
[BlackElo "2540"]
[Result "0-1"]
[Round "11"]
[TimeControl "180+1"]
[Date "2022.03.30"]
[WhiteClock "0:00:02"]
[BlackClock "0:00:05"]

1. e4 e6 2. d4 d5 3. Nd2 Nf6 4. e5 Nfd7 5. c3 c5 6. Ngf3 Nc6 7. Bd3 Qb6 8. O-O Be7 9. a3 f6 10. exf6 Nxf6 11. dxc5 Bxc5 12. b4 Be7 13. c4 O-O 14. Bb2 Bd7 15. c5 Qc7 16. Qe2 Rae8 17. Ne5 Nxe5 18. Bxe5 Qc8 19. f4 b6 20. cxb6 axb6 21. Nf3 Qa8 22. Nd4 Rc8 23. Bb5 Rfe8 24. Bxd7 Nxd7 25. Nxe6 Bf6 26. Qg4 Nxe5 27. fxe5 Bxe5 28. Rae1 Bb2 29. Qf5 Qb7 30. Ng5 g6 31. Qd3 Rxe1 32. Rxe1 Rd8 33. Nf3 Bg7 34. Rd1 d4 35. Nxd4 Rxd4 36. Qb3+ Qf7 37. Qxf7+ Kxf7 38. Rc1 Rd3 39. Rc7+ Kg8 40. Rc6 Rxa3 41. Rc8+ Bf8 42. Rc6 Bxb4 43. Kf1 Bc5 44. Ke2 Re3+ 45. Kf2 Re6+ 46. Rxc5 b5 47. Kf3 Rb6 48. Rc7 b4 49. Rc2 b3 50. Rb2 Kf7 51. Kf4 Kf6 52. g4 Rb4+ 53. Kg3 Ke5 54. Kh4 h6 55. h3 Kd4 56. g5 Kc3+ 57. Kg3 Kxb2 58. gxh6 Kc3 59. h7 Rb8 60. Kg4 b2 61. Kg5 b1=Q 62. Kh6 Qb7 63. h8=Q+ Rxh8+ 64. Kg5 Qd5+ 65. Kf6 Qf5+ 66. Ke7 g5 67. h4 Qg6 0-1


[Site "https://www.chess.com"]

[Event "Titled Tuesday Blitz March 29 Early 2022"]
[White "Nakamura, Hikaru"]
[Black "Le, Tuan Minh"]
[WhiteFideId "2016192"]
[BlackFideId "12401153"]
[WhiteElo "2850"]
[BlackElo "2450"]
[Result "1-0"]
[Round "11"]
[TimeControl "180+1"]
[Date "2022.03.29"]
[WhiteClock "0:00:11"]
[BlackClock "0:00:04"]

1. e4 c5 2. Nf3 Nf6 3. e5 Nd5 4. c3 Nc6 5. Bc4 Nb6 6. Bb3 d5 7. exd6 Qxd6 8. O-O Bf5 9. d4 cxd4 10. cxd4 e6 11. Nc3 Be7 12. Qe2 O-O 13. Rd1 Nd5 14. Nxd5 exd5 15. h3 Bf6 16. Be3 Rfe8 17. Qb5 Ne7 18. Rac1 b6 19. Rc3 h6 20. Rdc1 Bd7 21. Qd3 Bf5 22. Qd2 Be4 23. Bf4 Qe6 24. Ne5 Ng6 25. Nxg6 Bxg6 26. Rc6 Qe4 27. Be3 Rad8 28. Rc7 a5 29. R1c6 Qb1+ 30. Kh2 Be7 31. Bf4 Bb4 32. Qc1 Qe4 33. Bc2 Qxd4 34. Bxg6 fxg6 35. Rxg6 Re7 36. Rxe7 Bxe7 37. Bxh6 Bf6 38. Be3 Qxb2 39. Qxb2 Bxb2 40. Bxb6 Rc8 41. Bxa5 Rc2 42. f4 Bf6 43. Rg3 Rxa2 44. Bb6 Rb2 45. Bc7 Re2 46. Rd3 d4 47. Kg3 Kf7 48. Kf3 Rc2 49. Bb6 Rc4 50. Ke4 Rc2 51. g4 Re2+ 52. Kd5 g6 53. Bxd4 Be7 54. Be3 Ra2 55. Bd4 Ra5+ 56. Ke4 Ra4 57. Kf3 Ke6 58. Be3 Bd6 59. Rb3 Kf7 60. Rb6 Ke7 61. Rb5 Ra3 62. h4 Ke6 63. h5 gxh5 64. Rxh5 Bc7 65. Ke4 Ra4+ 66. Kf3 Ra3 67. Rh7 Bd8 68. Rb7 Kd5 69. Rd7+ 1-0


[Site "https://www.chess.com"]

[Event "Titled Tuesday Blitz March 29 Early 2022"]
[White "Namitbir Singh Walia"]
[Black "Estrada Nieto, Julian"]
[WhiteFideId "35071068"]
[BlackFideId "5101018"]
[WhiteElo "1565"]
[BlackElo "2246"]
[Result "0-1"]
[Round "11"]
[TimeControl "180+1"]
[Date "2022.03.30"]
[WhiteClock "0:02:33"]
[BlackClock "0:02:40"]

1. d4 d5 2. c4 dxc4 3. Nf3 Nf6 4. e3 e6 5. Bxc4 c5 6. O-O a6 7. a4 Nc6 8. Nc3 Be7 9. h3 O-O 10. b3 cxd4 11. e4 dxc3 0-1


[Site "https://www.chess.com"]

[Event "Titled Tuesday Blitz March 29 Early 2022"]
[White "Ovezdurdyyeva, Jemal"]
[Black "Adewumi, Tanitoluwa"]
[WhiteFideId "14001888"]
[BlackFideId "30966396"]
[WhiteElo "1946"]
[BlackElo "2543"]
[Result "0-1"]
[Round "11"]
[TimeControl "180+1"]
[Date "2022.03.30"]
[WhiteClock "0:01:17"]
[BlackClock "0:01:18"]

1. e4 e6 2. d4 d5 3. Nc3 Nf6 4. e5 Nfd7 5. f4 c5 6. Nf3 Nc6 7. Be3 a6 8. Be2 b5 9. O-O b4 10. Na4 Qa5 11. b3 Bb7 12. Qe1 Rc8 13. Qf2 cxd4 14. Nxd4 Nxd4 15. Bxd4 Rxc2 16. Rfc1 Rc6 17. f5 Be7 18. Bg4 O-O 19. Rxc6 Bxc6 20. fxe6 fxe6 21. Bxe6+ Kh8 22. Qc2 Bxa4 23. bxa4 Nxe5 24. Bxe5 Qb6+ 25. Kh1 Qxe6 26. Re1 Qxe5 0-1


[Site "https://www.chess.com"]

[Event "Titled Tuesday Blitz March 29 Early 2022"]
[White "Papasimakopoulos, Alexandros"]
[Black "Bacrot, Etienne"]
[WhiteFideId "4244125"]
[BlackFideId "605506"]
[WhiteElo "2340"]
[BlackElo "2673"]
[Result "0-1"]
[Round "11"]
[TimeControl "180+1"]
[Date "2022.03.29"]
[WhiteClock "0:00:04"]
[BlackClock "0:00:04"]

1. d4 Nf6 2. c4 c5 3. d5 b5 4. Nf3 bxc4 5. Nc3 g6 6. e4 d6 7. Bxc4 Bg7 8. h3 O-O 9. O-O Ba6 10. Bxa6 Nxa6 11. Qe2 Qb6 12. Nd2 Nb4 13. a3 Na6 14. Nc4 Qb7 15. Rd1 Nc7 16. Bf4 Nd7 17. e5 dxe5 18. Nxe5 Nf6 19. Nc6 Ncxd5 20. Nxd5 Nxd5 21. Rxd5 Qxc6 22. Rad1 c4 23. Be5 Rfe8 24. Bxg7 Kxg7 25. Qe5+ Qf6 26. Qe2 Rab8 27. Qxc4 Rxb2 28. Qd4 Reb8 29. Ra5 Rb1 30. Qxf6+ Kxf6 31. Rf1 R8b7 32. g3 h5 33. h4 e5 34. Kg2 Rxf1 35. Kxf1 Ke6 36. Ke2 f6 37. Ke3 Kf5 38. Kf3 Rb3+ 39. Kg2 Rb7 40. Kf3 g5 41. hxg5 fxg5 42. Kg2 Rh7 43. Kh3 h4 44. gxh4 gxh4 45. Ra4 e4 46. Ra6 Ke5 47. a4 Kd4 48. Rd6+ Kc5 49. Rd2 Kc4 50. a5 Kc5 51. Rd1 Kb5 52. Rd5+ Kc4 53. Rd2 Rh6 54. Rd7 a6 55. Rd8 Kb5 56. Rd5+ Kc4 57. Rd8 Rf6 58. Rd2 Kc3 59. Ra2 Rh6 60. Ra3+ Kd4 61. Ra2 Ke5 62. Rc2 Kf4 63. Rc3 Rh5 64. Ra3 Ke5 65. Ra2 Kd4 66. Rd2+ Kc3 67. Rd6 Rxa5 68. Kxh4 Ra2 69. Kg3 a5 70. Re6 Kd4 71. Rd6+ Ke5 72. Ra6 a4 73. Kg2 a3 74. Ra4 e3 75. Kf3 e2 76. Re4+ Kd5 77. Re3 Rb2 78. Re8 a2 79. Rd8+ Kc6 80. Rc8+ Kd7 81. Re8 a1=Q 82. Re3 Qh1+ 83. Kg3 Qg1+ 84. Kf3 Qg6 85. Rxe2 Qf6+ 86. Kg2 Rxe2 87. Kf1 Qxf2# 0-1


[Site "https://www.chess.com"]

[Event "Titled Tuesday Blitz March 29 Early 2022"]
[White "Petrova, Irina"]
[Black "Coelho, Ramyres Santana"]
[WhiteFideId "14124122"]
[BlackFideId "2120690"]
[WhiteElo "1993"]
[BlackElo "1888"]
[Result "0-1"]
[Round "11"]
[TimeControl "180+1"]
[Date "2022.03.30"]
[WhiteClock "0:00:01"]
[BlackClock "0:00:05"]

1. e4 c5 2. Nf3 d6 3. Bb5+ Nd7 4. O-O a6 5. Bxd7+ Bxd7 6. d4 cxd4 7. Qxd4 e5 8. Qd3 Nf6 9. a4 Be7 10. Bg5 Be6 11. c4 Rc8 12. b3 h6 13. Bxf6 Bxf6 14. Nc3 O-O 15. Rfd1 Be7 16. Nd5 Bxd5 17. Qxd5 Qc7 18. Nd2 b6 19. Nf1 Kh8 20. Ne3 g6 21. Qd3 Qc5 22. Nd5 Bd8 23. Rac1 f5 24. exf5 Rxf5 25. Qe3 Bg5 26. Qxc5 Rxc5 27. Rc2 b5 28. axb5 axb5 29. h4 Bxh4 30. Ne3 Rf6 31. Rd5 bxc4 32. Rxc5 dxc5 33. Nxc4 e4 34. g3 Bg5 35. Re2 Re6 36. Kg2 Kg7 37. Ra2 h5 38. Ra5 e3 39. fxe3 Bxe3 40. Kf3 Bd4 41. Ra7+ Kh6 42. Rd7 Rf6+ 43. Ke4 Ra6 44. Nd6 Kg5 45. Nb5 Kg4 46. Nxd4 cxd4 47. Rxd4 Kxg3 48. b4 Re6+ 49. Kd5 Rb6 50. Kc5 Rf6 51. b5 g5 52. Rd3+ Kg4 53. Rd4+ Kg3 54. Rd3+ Kf2 55. Rd6 Rxd6 56. Kxd6 g4 57. b6 g3 58. b7 g2 59. b8=Q g1=Q 60. Qf8+ Kg2 61. Qg8+ Kh2 62. Qf7 Qg3+ 63. Kd5 h4 64. Ke4 Qg2+ 65. Ke3 h3 66. Qf6 Qg3+ 67. Ke2 Qg2+ 68. Ke1 Kh1 69. Qf1+ Kh2 70. Qf4+ Qg3+ 71. Qf2+ Kh1 72. Kf1 Qxf2+ 73. Kxf2 Kh2 0-1


[Site "https://www.chess.com"]

[Event "Titled Tuesday Blitz March 29 Early 2022"]
[White "Piesik, Piotr"]
[Black "Zhigalko, Sergei"]
[WhiteFideId "1136194"]
[BlackFideId "13502956"]
[WhiteElo "2190"]
[BlackElo "2662"]
[Result "0-1"]
[Round "11"]
[TimeControl "180+1"]
[Date "2022.03.29"]
[WhiteClock "0:02:20"]
[BlackClock "0:01:21"]

1. Nf3 d5 2. g3 c6 3. Bg2 Bg4 4. O-O Nd7 5. d3 e6 6. Nbd2 Bd6 7. e4 Ne7 8. h3 Bh5 9. b3 O-O 10. Bb2 a5 11. a4 Re8 12. Qe1 c5 13. e5 Bc7 14. c4 Nc6 15. Qe3 Nb4 16. Rac1 d4 17. Qe2 Nxe5 18. g4 Nexd3 19. gxh5 Nxb2 20. Ne4 N2d3 21. Rcd1 Nf4 22. Qd2 b6 23. h6 f5 24. Ng3 gxh6 25. Rfe1 Qf6 26. Nxd4 Nxg2 0-1


[Site "https://www.chess.com"]

[Event "Titled Tuesday Blitz March 29 Early 2022"]
[White "Postny, Evgeny"]
[Black "Liyanage, Ranindu Dilshan"]
[WhiteFideId "2804344"]
[BlackFideId "9915834"]
[WhiteElo "2483"]
[BlackElo "1858"]
[Result "1-0"]
[Round "11"]
[TimeControl "180+1"]
[Date "2022.03.29"]
[WhiteClock "0:00:35"]
[BlackClock "0:00:41"]

1. e4 e6 2. d4 d5 3. Nd2 c5 4. Ngf3 cxd4 5. Nxd4 Nf6 6. exd5 Nxd5 7. Be2 Bc5 8. N2b3 Bd6 9. O-O O-O 10. Bf3 Qc7 11. g3 Bd7 12. a4 Na6 13. Nb5 Bxb5 14. axb5 Nc5 15. Bxd5 exd5 16. Qxd5 Rfd8 17. Qc4 b6 18. Be3 Rac8 19. Nd4 Re8 20. b4 Bxg3 21. bxc5 Bxh2+ 22. Kh1 Re4 23. Qd5 Rh4 24. Kg2 Rd8 25. Qg5 Rh6 26. Kf3 bxc5 27. Nf5 Rg6 28. Ne7+ Kh8 29. Nxg6+ fxg6 30. Ke2 Qb7 31. Qxd8# 1-0


[Site "https://www.chess.com"]

[Event "Titled Tuesday Blitz March 29 Early 2022"]
[White "Pourkashiyan, Atousa"]
[Black "Suarez Uriel, Adrian"]
[WhiteFideId "12502014"]
[BlackFideId "22230874"]
[WhiteElo "2467"]
[BlackElo "2517"]
[Result "0-1"]
[Round "11"]
[TimeControl "180+1"]
[Date "2022.03.30"]
[WhiteClock "0:00:41"]
[BlackClock "0:01:48"]

1. e4 c5 2. Nf3 Nc6 3. d4 cxd4 4. Nxd4 g6 5. c4 Bg7 6. Be3 Nf6 7. Nc3 O-O 8. Be2 d6 9. O-O Bd7 10. Qd2 Nxd4 11. Bxd4 Bc6 12. f3 a5 13. b3 Nd7 14. Be3 Nc5 15. Rab1 e6 16. Rfd1 Be5 17. g3 Qe7 18. Bf1 Qf6 19. Bg2 Bxc3 20. Qd3 Bb4 21. Qe2 a4 22. bxa4 Rxa4 23. Rxd6 Nxe4 24. Rxc6 Nc3 25. Qb2 bxc6 26. Rc1 c5 27. Kh1 Rxa2 28. Qb3 Rfa8 29. f4 Rxg2 30. Kxg2 Qf5 31. Rxc3 Qe4+ 32. Kh3 Bxc3 33. Qxc3 h5 34. Qe5 Qxe5 35. fxe5 Ra4 36. Bxc5 Rxc4 37. Be3 Re4 38. Bf4 Kg7 39. Kg2 g5 40. Kf3 Rxf4+ 41. gxf4 g4+ 42. Kg3 Kg6 43. Kh4 Kf5 44. Kxh5 Kxf4 45. Kh4 Kxe5 46. Kxg4 Kf6 47. Kh5 Kg7 48. Kg5 f5 49. Kf4 Kg6 0-1


[Site "https://www.chess.com"]

[Event "Titled Tuesday Blitz March 29 Early 2022"]
[White "Pranav, V"]
[Black "Kozak, Antoni"]
[WhiteFideId "25060783"]
[BlackFideId "21832030"]
[WhiteElo "2349"]
[BlackElo "2236"]
[Result "1-0"]
[Round "11"]
[TimeControl "180+1"]
[Date "2022.03.29"]
[WhiteClock "0:00:04"]
[BlackClock "0:00:11"]

1. e4 c6 2. d4 d5 3. e5 Bf5 4. Nf3 e6 5. Be2 Ne7 6. c3 Nd7 7. O-O h6 8. Na3 g5 9. Nc2 Bg7 10. Ne3 Bg6 11. h4 Qc7 12. hxg5 hxg5 13. Nxg5 O-O-O 14. Bg4 Rdg8 15. f4 Bh6 16. Bf3 Bxg5 17. fxg5 Bf5 18. Ng4 Ng6 19. Nh6 Rg7 20. Bh5 Ndf8 21. Be3 Nh4 22. Rf2 Rhh7 23. Qe2 Be4 24. Raf1 Nf5 25. Nxf5 exf5 26. Bf3 Ne6 27. Bxe4 fxe4 28. Qg4 Qd7 29. Rf5 Rh8 30. Kf2 Rhg8 31. Rf6 Kb8 32. Ke1 Qc7 33. Rxe6 fxe6 34. Qxe6 a5 35. c4 Qb6 36. Qd6+ Ka8 37. cxd5 Qxb2 38. dxc6 Rc8 39. Rf8 Rg8 40. Rxg8 Rxg8 41. cxb7+ Qxb7 42. Qc5 Qb1+ 43. Kf2 Qxa2+ 44. Kg3 Rb8 45. d5 Rb3 46. Qa7# 1-0


[Site "https://www.chess.com"]

[Event "Titled Tuesday Blitz March 29 Early 2022"]
[White "Ronka, Erik"]
[Black "Janaszak, Dawid"]
[WhiteFideId "505080"]
[BlackFideId "1119206"]
[WhiteElo "2451"]
[BlackElo "2545"]
[Result "1/2-1/2"]
[Round "11"]
[TimeControl "180+1"]
[Date "2022.03.30"]
[WhiteClock "0:00:02"]
[BlackClock "0:00:05"]

1. e4 c5 2. Nf3 Nc6 3. d4 cxd4 4. Nxd4 g6 5. Nc3 Bg7 6. Be3 Nf6 7. Nxc6 bxc6 8. e5 Ng8 9. f4 Nh6 10. g4 Rb8 11. Rb1 Qa5 12. Bd2 d5 13. h3 O-O 14. Bg2 Qb6 15. Qe2 Ba6 16. Qf2 Qc7 17. Ne2 f6 18. exf6 Bxf6 19. O-O Rxb2 20. Rxb2 Bxb2 21. Rb1 Bg7 22. Nd4 Qd6 23. Nb3 d4 24. Na5 d3 25. c3 Rc8 26. Qxa7 c5 27. Rb6 Qd8 28. Qxa6 Nf7 29. Rb7 Nd6 30. Nc6 Qf8 31. Nxe7+ Kh8 32. Rd7 Rd8 33. Rxd6 Qxe7 34. Rxd8+ Qxd8 35. Qc6 h5 36. Qxc5 Qh4 37. Qf2 Qe7 38. f5 gxf5 39. gxf5 Bf6 40. Be3 Bh4 41. Bd4+ Kh7 42. f6 Bxf2+ 43. Bxf2 Qe2 44. Bf1 Qf3 45. f7 Qxf7 46. Bxd3+ Kg8 47. Bd4 Qxa2 48. Be4 Qd2 49. Bd5+ Kf8 50. Bf3 Ke8 51. Bxh5+ Kd8 52. Bg4 Qe1+ 53. Kg2 Qd2+ 54. Kg3 Qe1+ 55. Kf4 Qd2+ 56. Kf5 Qc1 57. Ke6 Qh6+ 58. Kd5 Kc7 59. Be5+ Kb7 60. Bd4 Qc6+ 61. Ke5 Qc7+ 62. Ke4 Qc6+ 63. Ke3 Qh6+ 64. Kd3 Qc1 65. Kc4 Qf1+ 66. Kc5 Qf8+ 67. Kd5 Qf7+ 68. Be6 Qf3+ 69. Kd6 Qf4+ 70. Be5 Qd2+ 71. Bd5+ Kb6 72. c4 Qh6+ 73. Be6 Qd2+ 74. Ke7 Qe3 75. Kd6 Qd2+ 76. Bd5 Qh6+ 77. Kd7 Qxh3+ 78. Kd6 Qh6+ 79. Be6 Qd2+ 80. Ke7 Qe2 81. Bd6 Qe3 82. c5+ Kc6 83. Kf6 Qf2+ 84. Bf5 Qb2+ 85. Ke6 Qe2+ 86. Be5 Qxe5+ 87. Kxe5 Kxc5 1/2-1/2


[Site "https://www.chess.com"]

[Event "Titled Tuesday Blitz March 29 Early 2022"]
[White "Rustemov, Alexander"]
[Black "Vysochin, Spartak"]
[WhiteFideId "4119002"]
[BlackFideId "14103516"]
[WhiteElo "2753"]
[BlackElo "2385"]
[Result "1-0"]
[Round "11"]
[TimeControl "180+1"]
[Date "2022.03.29"]
[WhiteClock "0:00:05"]
[BlackClock "0:00:10"]

1. d4 d5 2. c4 c6 3. Nc3 Nf6 4. e3 Bf5 5. cxd5 cxd5 6. Qb3 Nc6 7. Qxb7 Bd7 8. Qb3 Rb8 9. Qd1 e5 10. dxe5 Nxe5 11. Be2 Bd6 12. Nf3 Nxf3+ 13. Bxf3 Qc7 14. h3 O-O 15. O-O Rfd8 16. Qd3 g6 17. b3 Bf5 18. Qd2 Bh2+ 19. Kh1 Be5 20. Bb2 Ne4 21. Bxe4 dxe4 22. Qe1 Rd3 23. Na4 Rbd8 24. Rc1 Qe7 25. Bxe5 Qxe5 26. Rc5 Qe6 27. Kh2 Rd2 28. Qa1 Qd6+ 29. Qe5 Rxa2 30. Qxd6 Rxd6 31. g4 Be6 32. Nc3 Rb2 33. Nxe4 Rb6 34. Kg3 R2xb3 35. Ra1 a6 36. g5 Kg7 37. h4 h6 38. Nf6 hxg5 39. hxg5 Bf5 40. Rh1 Rxf6 41. gxf6+ Kxf6 42. Rc6+ Kg7 43. Rxa6 Be4 44. Rd1 Rb5 45. Rd4 Bd5 46. e4 Be6 47. f3 Rb3 48. Ra7 Rb1 49. Kf4 Rf1 50. Rd6 Kh6 51. Rxe6 fxe6 52. Re7 g5+ 53. Kg3 Kh5 54. Rxe6 Rg1+ 55. Kf2 Rh1 56. Re8 Ra1 57. Rg8 Kh6 58. Kg3 Rg1+ 59. Kh3 Ra1 60. Kg4 Rg1+ 61. Kf5 Rf1 62. Kg4 Rg1+ 63. Kh3 Rf1 64. Kg3 Rd1 65. Kf2 Kh5 66. Ke3 Ra1 67. e5 Ra3+ 68. Ke4 Ra4+ 69. Kd5 Rf4 70. e6 Rxf3 71. e7 Re3 72. e8=Q+ Rxe8 73. Rxe8 Kg4 74. Ke4 Kg3 75. Ke3 g4 76. Ke2 Kg2 77. Rg8 g3 78. Ke1 Kh2 79. Kf1 Kh1 80. Rh8# 1-0


[Site "https://www.chess.com"]

[Event "Titled Tuesday Blitz March 29 Early 2022"]
[White "Sadykov, Ramil"]
[Black "Harshavardhan G B"]
[WhiteFideId "24113590"]
[BlackFideId "25059009"]
[WhiteElo "2300"]
[BlackElo "1831"]
[Result "1-0"]
[Round "11"]
[TimeControl "180+1"]
[Date "2022.03.30"]
[WhiteClock "0:02:08"]
[BlackClock "0:02:35"]

1. e4 e5 2. Nc3 Nf6 3. Bc4 Nxe4 4. Qh5 Nd6 5. Bb3 Nc6 6. Nb5 g6 7. Qf3 f5 8. Qd5 Qe7 9. Nxc7+ Kd8 10. Nxa8 b6 11. h4 Bb7 12. Qf3 Nd4 13. Qh3 Bxa8 14. d3 Bg7 15. Bg5 Bf6 16. Bxf6 Qxf6 17. Ne2 e4 18. Nxd4 Qxd4 19. c3 Qxd3 20. Qxd3 exd3 21. O-O Re8 22. Rfe1 Ne4 23. f3 Nc5 24. Rxe8+ Kxe8 25. Kf2 f4 26. Bc4 d5 27. Bb5+ Kf7 28. b4 Na4 29. Bxa4 1-0


[Site "https://www.chess.com"]